 Dungeon Crawl Stone Soup version 0.25-a0-398-g1920f1ac21 (webtiles) character file.

Game seed: 2240584623648090423, levelgen mode: deterministic

3060 DerDa the Fighter (level 9, -2/60 HPs)
             Began as a Gargoyle Monk on Jan 8, 2020.
             Was an Elder of Okawaru.
             Slain by an orc knight
             ... wielding a +0 trident
              (32 damage)
             ... in a bailey.
             The game lasted 00:26:55 (7117 turns).

DerDa the Fighter (Gargoyle Monk)                   Turns: 7117, Time: 00:26:55

Health: -2/60      AC: 16    Str: 17 (19) XL:     9   Next: 87%
Magic:  11/11      EV: 12    Int:  8 (10) God:    Okawaru [****..]
Gold:   313        SH:  0    Dex: 11 (12) Spells: 8/8 levels left

rFire    + . .     SeeInvis .   a - +0 mace
rCold    . . .     Gourm    .   (no shield)
rNeg     + . .     Faith    .   s - +0 scale mail
rPois    ∞         Spirit   .   (helmet restricted)
rElec    +         Reflect  .   m - scarf {repulsion}
rCorr    .         Harm     .   L - +0 pair of gloves
MR       .....                  F - +0 pair of boots
Stlth    ..........             z - amulet of regeneration
HPRegen  0.60/turn              l - ring of wizardry
MPRegen  0.12/turn              (no ring)

@: repel missiles
A: antennae 1, fire resistance 1, negative energy resistance 1, electricity
resistance, unbreathing, petrification resistance, rot immunity, AC +6
a: Heroism, Renounce Religion


You were in a bailey.
You worshipped Okawaru.
Okawaru was greatly pleased with you.
You were not hungry.

You visited 2 branches of the dungeon, and saw 8 of its levels.
You also visited: Sewer and Bailey.

You collected 313 gold pieces.

Inventory:

Hand Weapons
 a - a +0 mace (weapon)
 f - a +0 hunting sling
 A - a +3 trident
 G - a +0 hunting sling
Missiles
 b - 14 poisoned darts (quivered)
 i - 24 sling bullets
 j - 129 stones
 H - 27 bolts
Armour
 g - a +3 leather armour of positive energy
 m - a scarf of repulsion (worn)
 s - a +0 scale mail (worn)
 F - a +0 pair of boots (worn)
 I - a scarf of resistance
 L - a +0 pair of gloves (worn)
Jewellery
 l - a ring of wizardry (left hand)
 z - an amulet of regeneration (around neck)
 M - an uncursed ring of fire
Wands
 n - a wand of flame (11)
Scrolls
 k - 4 scrolls of identify {unknown}
 o - 2 scrolls of enchant armour {unknown}
 r - 2 scrolls of amnesia {unknown}
 v - 5 scrolls of teleportation {unknown}
 y - 2 scrolls of remove curse {unknown}
 B - 2 scrolls of immolation {unknown}
 C - a scroll of blinking {unknown}
 D - a scroll of noise {unknown}
 E - 3 scrolls of fog {unknown}
 J - a scroll of enchant weapon {unknown}
Potions
 d - 4 potions of flight
 e - a potion of magic
 h - 3 potions of brilliance
 p - 2 potions of mutation
 u - a potion of degeneration
Comestibles
 c - 10 rations
 O - 3 chunks of flesh


   Skills:
 * Level 8.7 Fighting
 + Level 5.9 Maces & Flails
 + Level 5.5 Armour
 * Level 6.5 Dodging
 - Level 2.1 Stealth
 + Level 3.9 Evocations


You had 8 spell levels left.
You didn't know any spells.
Your spell library contained the following spells:

 Spells                   Type           Power        Failure   Level  Hunger
 Animate Skeleton         Necr           N/A          45%         1    ##.....
 Foxfire                  Conj/Fire      #...         45%         1    ##.....
 Pain                     Necr           #...         45%         1    ##.....
 Confusing Touch          Hex            #.......     82%         3    ####...
 Conjure Flame            Conj/Fire      #.......     82%         3    ####...
 Gell's Gravitas          Tloc           #.........   82%         3    ####...
 Inner Flame              Hex/Fire       #.......     82%         3    ####...
 Vampiric Draining        Necr           #.........   82%         3    ####...
 Animate Dead             Necr           N/A          99%         4    #####..
 Petrify                  Tmut/Erth      #.......     99%         4    #####..
 Sticky Flame             Conj/Fire      #.......     99%         4    #####..
 Agony                    Necr           #.......     100%        5    ######.
 Fireball                 Conj/Fire      #.........   100%        5    ######.
 Metabolic Englaciation   Hex/Ice        #.........   100%        5    ######.
 Yara's Violent Unravell  Hex/Tmut       #.........   100%        5    ######.


Dungeon Overview and Level Annotations

Branches:
Dungeon (7/15)             Temple (1/1) D:4           Sewer (visited)
 Bailey (1/1)

Altars:
Ashenzari
Dithmenos
Gozag
Hepliaklqana
Kikubaaqudgha
Makhleb
Nemelex Xobeh
Okawaru
Qazlal
Ru
Sif Muna
Trog
Vehumet
Wu Jian
Yredelemnul
Zin


Innate Abilities, Weirdness & Mutations

You are resistant to torment.
Your stone body is resilient. (AC +6)
You are immune to poison.
You resist negative energy. (rN+)
You are resistant to electric shocks. (rElec)
You can survive without breathing.
You are immune to petrification.
You are immune to rotting.
You have a pair of small antennae on your head.
Your flesh is heat resistant. (rF+)


Message History

Things that are here:
a +0 halberd; a +0 ring mail The orc knight shouts!
The orc warrior shouts!
The orc knight shouts!
The orc warrior shouts!
The orc knight roars a battlecry!
The orcs go into a battle-frenzy!
The orc knight hits you but does no damage.
The orc knight hits you from afar with a +0 trident!
The orc knight roars a battlecry!
The orc knight goes into a battle-frenzy!
The orc warrior shoots a bolt.
The bolt is repelled.
You see here a bolt.
The orc knight hits you from afar with a +0 trident!
The orc knight hits you from afar with a +0 trident!
The orc knight hits you from afar with a +0 trident.
The orc warrior shoots a bolt.
The bolt misses you.
You see here a bolt.
The orc knight hits you from afar with a +0 trident!!
Ouch! That really hurt!
You die...

###
#########∩#########
##.....##...##.....#
#..≈≈≈..#...#..≈≈≈..
#.≈≈.≈≈.......≈≈)≈≈.
+.≈ooo≈.......≈)∩.≈)
#.≈≈o≈≈.......≈≈(≈≈.
#..≈≈≈..#).)#..≈≈≈..
##(@..(##.∩.##.....#
#########∩#########
###


You could see 2 orc knights and 2 orc warriors.

Vanquished Creatures
  An orc knight (Bailey)
  Grinder (D:4)
  A hippogriff (D:6)
  Sigmund (D:3)
  A water moccasin (D:5)
  A sky beast (D:5)
  3 orc warriors (Bailey)
  4 ogres
  2 centaurs
  A bullfrog (D:6)
  A big kobold (Sewer)
  2 scorpions
  2 howler monkeys (D:5)
  3 crimson imps
  A centaur zombie (D:6)
  3 hounds
  A bullfrog skeleton (D:5)
  Natasha (thrice) (D:2)
  2 orc wizards
  6 worker ants
  A worker ant zombie (D:4)
  14 adders
  5 gnolls
  2 shadow imps
  An ooze (D:6)
  An adder zombie (D:5)
  An adder skeleton (D:5)
  A worm (D:4)
  A dart slug (D:2)
  A leopard gecko (D:4)
  15 orcs
  5 bats
  6 giant cockroaches
  6 goblins
  3 hobgoblins
  3 jackals (D:2)
  3 quokkas
  7 frilled lizards
  14 kobolds
  A leopard gecko skeleton (D:4)
  10 rats
141 creatures vanquished.

Notes
Turn   | Place    | Note
-------+----------+-------------------------------------------
     0 | D:1      | DerDa the Gargoyle Monk began the quest for the Orb.
     0 | D:1      | Reached XP level 1. HP: 14/14 MP: 1/1
   355 | D:1      | Reached XP level 2. HP: 18/19 MP: 2/2
   893 | D:2      | Reached XP level 3. HP: 15/24 MP: 3/3
   946 | D:2      | Reached skill level 1 in Armour
   957 | D:2      | Reached skill level 4 in Fighting
  1173 | D:2      | Reached XP level 4. HP: 16/29 MP: 4/4
  1339 | D:2      | Noticed Natasha
  1349 | D:2      | Killed Natasha
  1667 | D:2      | Reached XP level 5. HP: 34/34 MP: 5/5
  1671 | D:2      | Noticed Natasha
  1692 | D:2      | Killed Natasha
  1932 | D:2      | Found a sparkling altar of Nemelex Xobeh.
  2093 | D:2      | Noticed Natasha
  2103 | D:2      | Killed Natasha
  2422 | D:3      | Found a glowing drain.
  2437 | Sewer    | Entered a sewer
  2515 | Sewer    | Noticed a big kobold
  2549 | Sewer    | Killed a big kobold
  2549 | Sewer    | Reached skill level 5 in Fighting
  2549 | Sewer    | Reached XP level 6. HP: 18/40 MP: 6/6
  2773 | Sewer    | Found a white marble altar of Elyvilon.
  3086 | D:3      | Noticed Sigmund
  3109 | D:3      | Gained mutation: You have a pair of small antennae on your
                  | head. [potion of mutation]
  3109 | D:3      | Gained mutation: Your flesh is heat resistant. (rF+)
                  | [potion of mutation]
  3114 | D:3      | Killed Sigmund
  3114 | D:3      | Reached XP level 7. HP: 44/44 MP: 7/7
  3129 | D:3      | Reached skill level 1 in Evocations
  3674 | D:4      | Noticed Grinder
  3714 | D:4      | Found a staircase to the Ecumenical Temple.
  3736 | Temple   | Entered the Ecumenical Temple
  3940 | Temple   | Became a worshipper of Warmaster Okawaru
  3940 | Temple   | Reached * piety under Okawaru
  3940 | Temple   | Reached ** piety under Okawaru
  4001 | D:4      | Paralysed by Grinder for 5 turns
  4011 | D:4      | Paralysed by Grinder for 5 turns
  4017 | D:4      | Paralysed by Grinder for 2 turns
  4033 | D:4      | Paralysed by Grinder for 6 turns
  4050 | D:4      | Paralysed by Grinder for 7 turns
  4058 | D:4      | Killed Grinder
  4058 | D:4      | Reached skill level 6 in Fighting
  4280 | D:4      | Reached XP level 8. HP: 43/51 MP: 9/9
  4702 | D:5      | Entered Level 5 of the Dungeon
  4811 | D:5      | Reached skill level 5 in Dodging
  5123 | D:5      | Reached *** piety under Okawaru
  5123 | D:5      | Reached skill level 7 in Fighting
  5387 | D:5      | Reached skill level 5 in Maces & Flails
  5678 | D:5      | Reached XP level 9. HP: 19/57 MP: 11/11
  6337 | D:6      | Reached skill level 8 in Fighting
  6362 | D:6      | Reached skill level 5 in Armour
  6792 | D:7      | Found a flagged portal.
  6819 | Bailey   | Entered a bailey
  6819 | Bailey   | Noticed an orc knight
  6826 | Bailey   | Noticed an orc knight
  6888 | Bailey   | Reached **** piety under Okawaru
  6937 | Bailey   | Noticed an orc knight
  6989 | Bailey   | Killed an orc knight
  7117 | Bailey   | Slain by an orc knight

Levels and vault maps discovered:
D:1:      eino_arrival_cavern_d, layout_rooms
D:2:      layout_basic, nemelex_xobeh_ov_fountains_minmay, uniq_natasha
D:3:      layout_loops_ring, portal_sewer_entry_a, uniq_sigmund
D:4:      layout_cave_pools, minmay_temple_entry_grid, first_ration,
          solitary_fountain, uniq_grinder
D:5:      layout_gridville
D:6:      layout_basic
D:7:      layout_gridville, lightli_bailey_entry_fortress, the_bakery
Temple:   bh_familiar_temple
Bailey:   bailey_polearm_4, bailey

Skill      XL: |  1  2  3  4  5  6  7  8  9 |
---------------+----------------------------+-----
Armour         | 1 2 3 4 5 |  5.5
Fighting       | 4 5 6 7 8 |  8.7
Dodging        | 3 4 5 6 |  6.5
Maces & Flails | 4 5 |  5.9
Evocations     | 1 2 3 |  3.9
Stealth        | |  2.1

Action                   |  1- 3 |  4- 6 |  7- 9 || total
-------------------------+-------+-------+-------++-------
Melee: Mace              |    96 |   211 |   554 ||   861
       Trident           |       |       |     5 ||     5
Throw: Dart              |       |       |    17 ||    17
Invok: Heroism           |       |       |     3 ||     3
  Use: Potion            |       |     8 |    12 ||    20
 Stab: Sleeping          |     1 |       |       ||     1
  Eat: Chunk             |     1 |     3 |    14 ||    18
       Ration            |       |     1 |       ||     1
Armor: Leather armour    |    27 |    51 |       ||    78
       Scale mail        |       |    62 |   316 ||   378
Dodge: Dodged            |    74 |   131 |   396 ||   601
       Deflected         |       |    14 |     6 ||    20

Table legend:
 A = Non-vault XP
 B = Vault XP
 C = Vault XP percentage of total XP
 D = Non-vault monster count
 E = Vault monster count
 F = Vault count percentage of total count
                 A         B        C        D         E       F
            +---------+---------+-------+---------+---------+-------
      Total |    2662 |    1710 |  39.1 |     111 |      30 |  21.3
            +---------+---------+-------+---------+---------+-------
        D:1 |      15 |       0 |   0.0 |      11 |       0 |   0.0
        D:2 |     234 |      36 |  13.3 |      30 |       1 |   3.2
        D:3 |     161 |     220 |  57.7 |      21 |       4 |  16.0
        D:4 |     291 |     290 |  49.9 |      14 |       1 |   6.7
        D:5 |     933 |       0 |   0.0 |      14 |       0 |   0.0
        D:6 |     949 |       0 |   0.0 |      18 |       0 |   0.0
        D:7 |       0 |      39 | 100.0 |       0 |       6 | 100.0
     Temple |      79 |       0 |   0.0 |       3 |       0 |   0.0
      Sewer |       0 |     103 | 100.0 |       0 |       9 | 100.0
     Bailey |       0 |    1022 | 100.0 |       0 |       9 | 100.0
            +---------+---------+-------+---------+---------+-------
